 Dungeon Crawl Stone Soup version 0.26-a0-611-g354ed81502 (webtiles) character file.

Game seed: 18265257434051549520

5296 MrRokkomies the Geomancer (level 10, -2/56 HPs)
             Began as an Octopode Earth Elementalist on Sept 5, 2020.
             Was a Follower of Dithmenos.
             Slain by Maurice
             ... wielding a +0 dagger
              (6 damage)
             ... on level 9 of the Dungeon.
             The game lasted 00:29:27 (9931 turns).

MrRokkomies the Geomancer (OpEE)                    Turns: 9931, Time: 00:29:27

Health: -2/56      AC:  1    Str:  8    XL:     10   Next: 63%
Magic:  8/14       EV: 20    Int: 21    God:    Dithmenos [*.....]
Gold:   683        SH:  0    Dex: 16    Spells: 5/15 levels left

rFire    + + .     SeeInvis .   a - +2 dagger of the Hummingbird {speed, rElec rF+ rC+ Dex+4}
rCold    + . .     Faith    +   (no shield)
rNeg     . . .     Spirit   .   (helmet restricted)
rPois    +         Reflect  .   k - amulet of faith
rElec    +         Harm     .   h - ring of protection from fire
rCorr    +                      y - ring of poison resistance
MR       .....                  E - ring of resist corrosion
Stlth    +++++.....             (no ring)
HPRegen  0.18/turn              (no ring)
MPRegen  0.14/turn              (no ring)
                                (no ring)
                                (no ring)

@: very slightly contaminated, wreathed by umbra, invisible
A: almost no armour, stealthy swim, amphibious, 8 rings, constrict 8, camouflage
1, gelatinous body 1
a: Renounce Religion


You were on level 9 of the Dungeon.
You worshipped Dithmenos.
Dithmenos was aware of your devotion.
You visited 2 branches of the dungeon, and saw 10 of its levels.

You collected 683 gold pieces.

Inventory:

Hand Weapons
 a - the +2 dagger of the Hummingbird (weapon) {speed, rElec rF+ rC+ Dex+4}
   (You found it on level 6 of the Dungeon)

   Attacks with this weapon are significantly faster.
   It affects your dexterity (+4).
   It protects you from fire.
   It protects you from cold.
   It insulates you from electricity.
 s - the +1 shortbow of Virtue {freeze, rN+}
   (You found it on level 5 of the Dungeon)

   It causes projectiles fired from it to freeze those they strike, causing
   extra injury to most foes and up to half again as much damage against
   particularly susceptible opponents.
   They can also slow down cold-blooded creatures.
   It protects you from negative energy.
Missiles
 b - 28 stones
 r - 47 poisoned darts (quivered)
 u - 18 arrows
 x - a throwing net
Jewellery
 h - a ring of protection from fire (left tentacle)
 k - an amulet of faith (around mantle)
 y - a ring of poison resistance (right tentacle)
 C - an uncursed amulet of guardian spirit {unknown}
 E - a ring of resist corrosion (on tentacle)
Wands
 d - a wand of polymorph (10)
 o - a wand of iceblast (10)
 A - a wand of random effects (15)
 D - a wand of acid (8)
Scrolls
 c - a scroll of enchant armour
 f - 3 scrolls of remove curse
 i - a scroll of immolation
 l - 2 scrolls of amnesia
 t - 2 scrolls of teleportation
 w - a scroll of blinking
 B - a scroll of magic mapping
Potions
 e - a potion of magic
 g - a potion of cancellation
 j - a potion of haste
 m - a potion of curing
 n - 3 potions of stabbing
 q - a potion of mutation
 v - a potion of might
 z - 2 potions of flight


   Skills:
 + Level 4.9 Short Blades
 * Level 9.4 Dodging
 - Level 5.0 Stealth
 - Level 3.0 Spellcasting
 + Level 5.5 Transmutations
 * Level 9.6 Earth Magic


You had 5 spell levels left.
You knew the following spells:

 Your Spells              Type           Power        Failure   Level
a - Sandblast             Erth           #####.       1%          1
b - Passwall              Tmut/Erth      #####...     1%          2
c - Petrify               Tmut/Erth      #####...     6%          4
d - Stone Arrow           Conj/Erth      ###...       5%          3

Your spell library contained the following spells:

 Spells                   Type           Power        Failure   Level
 Lee's Rapid Deconstruct  Erth           #####.....   7%          5


Dungeon Overview and Level Annotations

Branches:
Dungeon (9/15)             Temple (1/1) D:7
   Lair: D:8-11         Orc: D:9-12

Altars:
Cheibriados
Dithmenos
Fedhas
Kikubaaqudgha
Trog
Wu Jian
Xom
Yredelemnul

Shops:
D:8 *

Annotations:
D:9 Maurice


Innate Abilities, Weirdness & Mutations

You cannot wear most types of armour.
You are very stealthy in the water. (Stealth+)
You are amphibious.
You can wear up to eight rings at the same time.
You can use your tentacles to constrict eight enemies at once.
Your skin changes colour to match your surroundings (Stealth+).
Your rubbery body absorbs attacks. (AC +1, EV +1)


Message History

You hear a zap.
An iceblast appears from out of thin air!
The mass of ice explodes!
The iceblast engulfs you! You partially resist.
* * * LOW HITPOINT WARNING * * *
The iceblast engulfs the killer bee.
The iceblast engulfs something!
The killer bee buzzes angrily. x2; You hear a shout!
Evoke which item? (* to show all) (? for menu, Esc to quit)
Press: ? - help, Shift-Dir - straight line You hear a shout!
Something hits you.
* * * LOW HITPOINT WARNING * * *
Something steals your uncursed staff of poison!
The killer bee completely misses you.
Unknown command.
Evoke which item? (* to show all) (? for menu, Esc to quit)
Press: ? - help, Shift-Dir - straight line The killer bee buzzes angrily.
You hear a howl!
The killer bee completely misses you. x2; The killer bee misses you.
Something hits you.
You die...

#.......############
#.......'...........
##......####..y.yy..
#......# #.$(..y..#
#......# #........#
######## #..F.....#
#.........
#yy.......
#@........
#{...[...#
#.<......#
#........#
#......... ..$..#...
######..< ..


You could see a bullfrog (wandering) and 6 killer bees.

Vanquished Creatures
  Erolcha (D:9)
  Erica (D:9)
  A two-headed ogre (D:8)
  Psyche (D:8)
  A hippogriff (D:9)
  Menkaure (D:5)
  Duvessa (D:6)
  An ice beast (D:6)
  2 orc warriors
  2 phantoms
  2 sky beasts
  5 ogres
  4 centaurs
  A bullfrog (D:8)
  A scorpion (D:8)
  3 orc priests
  4 hounds
  10 orc wizards
  A quasit (D:6)
  A gnoll shaman (D:9)
  An iguana (D:8)
  A bullfrog skeleton (D:4)
  7 worker ants
  A howler monkey skeleton (D:8)
  4 gnolls (D:9)
  8 river rats (D:5)
  9 adders
  A shadow imp (D:7)
  4 white imps
  An ufetubus (D:9)
  A worm (D:2)
  5 leopard geckos
  27 orcs
  7 giant cockroaches
  5 goblins
  8 hobgoblins
  7 jackals
  11 quokkas
  3 ball pythons
  8 bats
  3 frilled lizards
  A jackal skeleton (D:4)
  5 kobolds
  2 leopard gecko skeletons
  20 rats
194 creatures vanquished.

Notes
Turn   | Place    | Note
-------+----------+-------------------------------------------
     0 | D:1      | MrRokkomies the Octopode Earth Elementalist began the quest
                  | for the Orb.
     0 | D:1      | Reached XP level 1. HP: 11/11 MP: 3/3
   237 | D:1      | Reached XP level 2. HP: 17/17 MP: 3/5
   807 | D:1      | Learned a level 2 spell: Passwall
   836 | D:2      | Reached XP level 3. HP: 21/21 MP: 3/6
  1755 | D:3      | Reached XP level 4. HP: 26/27 MP: 7/7
  2165 | D:3      | Reached XP level 5. HP: 16/31 MP: 5/8
  2609 | D:3      | Learned a level 4 spell: Petrify
  2638 | D:4      | Noticed an ogre
  2656 | D:5      | Entered Level 5 of the Dungeon
  2820 | D:5      | Noticed a phantom
  2837 | D:5      | Killed a phantom
  2837 | D:5      | Reached XP level 6. HP: 32/36 MP: 0/10
  3374 | D:5      | Got a pitted shortbow
  3375 | D:5      | Identified the +1 shortbow of Virtue {freeze, rN+} (You
                  | found it on level 5 of the Dungeon)
  3475 | D:5      | Noticed Menkaure
  3495 | D:5      | Killed Menkaure
  3495 | D:5      | Reached skill level 5 in Earth Magic
  3495 | D:5      | Reached XP level 7. HP: 30/41 MP: 8/11
  3724 | D:5      | Reached skill level 5 in Stealth
  4307 | D:4      | Reached skill level 5 in Dodging
  4377 | D:4      | Learned a level 3 spell: Stone Arrow
  5283 | D:4      | Found a bloodstained altar of Trog.
  5681 | D:5      | HP: 1/41 [river rat (9)]
  5684 | D:5      | Reached XP level 8. HP: 17/46 MP: 0/12
  6023 | D:6      | Noticed Duvessa
  6024 | D:6      | Noticed Dowan
  6036 | D:6      | Killed Duvessa
  6042 | D:6      | Noticed Dowan
  6042 | D:6      | Dowan changed into Dowan the hound
  6049 | D:6      | Killed Dowan the hound
  6334 | D:6      | Reached skill level 1 in Short Blades
  6503 | D:6      | Got a crude dagger
  6504 | D:6      | Identified the +2 dagger of the Hummingbird {speed, rElec
                  | rF+ rC+ Dex+4} (You found it on level 6 of the Dungeon)
  7092 | D:7      | Reached XP level 9. HP: 46/51 MP: 8/13
  8041 | D:7      | Found a staircase to the Ecumenical Temple.
  8050 | Temple   | Entered the Ecumenical Temple
  8058 | Temple   | Became a worshipper of Dithmenos the Shadowed
  8109 | D:7      | Found a basalt altar of Yredelemnul.
  8981 | D:8      | Noticed Psyche
  8994 | D:8      | Killed Psyche
  9116 | D:8      | Found a blossoming altar of Fedhas.
  9164 | D:8      | Noticed a two-headed ogre
  9185 | D:8      | Killed a two-headed ogre
  9185 | D:8      | Reached skill level 5 in Transmutations
  9185 | D:8      | Reached XP level 10. HP: 30/56 MP: 6/14
  9364 | D:8      | Found Zanydona's General Store.
  9474 | D:9      | Noticed Erolcha
  9519 | D:9      | Noticed Erica
  9537 | D:9      | Killed Erolcha
  9540 | D:9      | Killed Erica
  9758 | D:9      | Reached * piety under Dithmenos
  9903 | D:9      | Noticed Maurice
  9931 | D:9      | Slain by Maurice

Illustrated notes

Levels and vault maps discovered:
D:1:      dpeg_arrival_short_road, layout_basic
D:2:      layout_loops_ring
D:3:      layout_loops_ring
D:4:      layout_loops_cross, minmay_misc_feat_tower, trog_book
D:5:      lemuel_ratsnest, layout_cave_pools, uniq_menkaure
D:6:      layout_basic, uniq_duvessa
D:7:      layout_rooms, minmay_temple_entry_nine_rooms, basic_altar
D:8:      layout_basic, lemuel_crystal_altar, serial_shops,
          nicolae_shop_behind_doors, uniq_psyche
D:9:      layout_basic, serial_shops, shop, kennysheep_diamond, led_sif_book,
          uniq_maurice, uniq_erica, uniq_erolcha
Temple:   nicolae_temple_the_god_donut

Skill      XL: |  1  2  3  4  5  6  7  8  9 10 |
---------------+-------------------------------+-----
Stealth        | 3 4 5 |  5.0
Dodging        | 3 4 5 7 8 9 |  9.4
Earth Magic    | 4 5 6 7 8 9 |  9.6
Spellcasting   | 3 |  3.0
Transmutations | 2 3 5 |  5.5
Short Blades   | 2 4 |  4.9

Action                   |  1- 3 |  4- 6 |  7- 9 | 10-12 || total
-------------------------+-------+-------+-------+-------++-------
Melee: Unarmed           |     9 |       |       |       ||     9
       Constrict         |    15 |     9 |    57 |     5 ||    86
       Tentacles         |    10 |     2 |    59 |    14 ||    85
       Hand axe          |    34 |       |       |       ||    34
       Mace              |     7 |       |       |       ||     7
       Dagger            |       |    64 |   342 |    47 ||   453
Throw: Dart              |       |     3 |    11 |       ||    14
 Cast: Sandblast         |    13 |    38 |   111 |     6 ||   168
       Stone Arrow       |       |       |     1 |       ||     1
       Petrify           |       |       |     4 |     4 ||     8
Evoke: Wand              |       |       |     1 |    10 ||    11
  Use: Scroll            |    12 |     3 |     5 |     4 ||    24
       Potion            |     1 |     2 |     6 |     3 ||    12
 Stab: Sleeping          |     8 |    12 |    15 |     1 ||    36
       Petrified         |       |       |     6 |       ||     6
       Petrifying        |       |       |       |     4 ||     4
Armor: Skin              |     4 |     9 |    46 |     1 ||    60
Dodge: Dodged            |    28 |    48 |   218 |    38 ||   332

Table legend: (Time is in decaauts)
 A = Elapsed time spent in this place.
 B = Non-inter-level travel time spent in this place.
 C = Inter-level travel time spent in this place.
 D = Time resting spent in this place.
 E = Time spent auto-exploring this place.
 F = Levels seen in this place.
 G = Mean time per level.
                   A        B        C        D        E       F      G
               +--------+--------+--------+--------+--------+-----+--------+
         Total |   9782 |   9515 |    267 |   1850 |   6178 |  10 |  978.2 |
       Dungeon |   9768 |   9506 |    262 |   1850 |   6178 |   9 | 1085.3 |
        Temple |     13 |      8 |      5 |      0 |      0 |   1 |   13.0 |
               +--------+--------+--------+--------+--------+-----+--------+

Top non-repeatable levels by time:
     D:5: 1783 daAuts
     D:6: 1684 daAuts
     D:4: 1559 daAuts
     D:8: 1055 daAuts
     D:3: 939 daAuts
     D:2: 840 daAuts
     D:1: 833 daAuts
     D:7: 617 daAuts
     D:9: 453 daAuts
  Temple: 13 daAuts
